 Dungeon Crawl Stone Soup version 0.20.1-3-g7921b9d020 (webtiles) character file.

954 Alfie the Archer (level 7, -12/60 HPs)
             Began as a Minotaur Hunter on Feb 14, 2020.
             Killed by divine providence
             ... invoked by an orc priest
              (13 damage)
             ... on level 6 of the Dungeon.
             The game lasted 00:15:34 (4399 turns).

Alfie the Archer (Minotaur Hunter)                  Turns: 4399, Time: 00:15:35

Health: -12/60     AC:  8    Str: 21    XL:     7   Next: 91%
Magic:  6/6        EV: 12    Int:  8    God:
Gold:   197        SH:  0    Dex: 10    Spells: 6/6 levels left

rFire    . . .     SeeInvis +   b - +1 short sword
rCold    . . .     Gourm    .   (no shield)
rNeg     . . .     Faith    .   k - +1 ring mail
rPois    .         Spirit   .   (helmet restricted)
rElec    .         Reflect  .   (no cloak)
rCorr    .         Harm     .   (no gloves)
MR       .....                  t - +0 pair of boots
Stlth    +.........             (no amulet)
Regen    0.2/turn               i - ring of see invisible
MPRegen  0.1/turn               u - +2 ring of strength

@: no status effects
A: retaliatory headbutt, horns 2
a: no special abilities


You were on level 6 of the Dungeon.
You were not hungry.

You visited 1 branch of the dungeon, and saw 6 of its levels.

You collected 197 gold pieces.

Inventory:

Hand Weapons
 a - a +2 shortbow
 b - a +1 short sword (weapon)
Missiles
 d - 38 arrows
 h - 15 tomahawks (quivered)
Armour
 k - a +1 ring mail (worn)
 t - a +0 pair of boots (worn)
 x - a +0 cloak
Jewellery
 i - a ring of see invisible (left hand)
 q - an uncursed ring of magical power
 u - a +2 ring of strength (right hand)
Scrolls
 c - a scroll of fear
 m - a scroll of recharging {unknown}
 r - a scroll of fog
 s - 2 scrolls of teleportation
 y - a scroll of remove curse
Potions
 e - 4 potions of lignification {unknown}
 g - 3 potions of degeneration {unknown}
 j - a potion of flight {unknown}
 l - 3 potions of brilliance {unknown}
 n - 3 potions of magic {unknown}
 o - 2 potions of ambrosia {unknown}
 z - 2 potions of haste {unknown}
Comestibles
 f - 5 bread rations
 v - a meat ration


   Skills:
 + Level 4.5 Fighting
 + Level 2.9 Short Blades
 + Level 8.1 Bows
 + Level 1.3 Throwing
 + Level 4.5 Armour
 + Level 2.9 Dodging
 + Level 1.2 Stealth


You had 6 spell levels left.
You didn't know any spells.

Dungeon Overview and Level Annotations

Branches:
Dungeon (6/15)
 Temple: D:4-7

Altars:
Elyvilon
Kikubaaqudgha
Makhleb
Okawaru
Sif Muna
Xom


Innate Abilities, Weirdness & Mutations

You reflexively headbutt those who attack you in melee.
You have a pair of horns on your head.


Message History

2 orc priests come into view.
The orc priest shouts! x2
The orc priest looks encouraged for a moment.
You see here an arrow.
Found 15 gold pieces and a halberd.
You see here an arrow.
The orc priest looks braver for a moment.
The orc priest calls down the wrath of Beogh upon you.
Beogh smites you!
* * * LOW HITPOINT WARNING * * *
Found a stone staircase leading up.
You see here an arrow.
The orc priest looks braver for a moment.
The orc priest calls down the wrath of Beogh upon you.
Beogh smites you!
* * * LOW HITPOINT WARNING * * *
You see here an arrow.
The orc priest mumbles some strange prayers to Beogh against you.
Beogh smites you!
You die...

..#.# #....#.... #.#.#
########## #.#)# ####
#.#.# ..... ##...#
..).. #....# ......
#...># #......
####....#######...o..<
#......##.).@((((o....
#......##.#####..###..
#......##.#.....$#
#......'.........#
#......##.##......
#......##.# ..#.##
#......##.. ...#
#......##### #.#
########


You could see 2 orc priests.

Vanquished Creatures
  The ghost of Alfie the Shooter, an amateur HuHu (D:4)
  An orc warrior (D:6)
  2 ogres
  A water moccasin skeleton (D:4)
  A crimson imp (D:3)
  A quasit (D:5)
  A hound (D:5)
  An orc priest (D:5)
  An orc wizard (D:4)
  3 worker ants
  A gnoll shaman (D:5)
  8 gnolls (D:5)
  A howler monkey skeleton (D:4)
  7 adders
  A shadow imp (D:5)
  An ooze (D:2)
  4 worms
  2 leopard geckos (D:2)
  7 orcs
  3 giant cockroaches (D:3)
  12 goblins
  2 hobgoblins
  2 jackals (D:4)
  11 kobolds
  4 quokkas
  9 bats
  4 frilled lizards
  9 rats
101 creatures vanquished.

Vanquished Creatures (others)
  A human (D:6)
1 creature vanquished.

Grand Total: 102 creatures vanquished

Notes
Turn   | Place    | Note
-------+----------+-------------------------------------------
     0 | D:1      | Alfie the Minotaur Hunter began the quest for the Orb.
     0 | D:1      | Reached XP level 1. HP: 18/18 MP: 0/0
   265 | D:1      | Reached XP level 2. HP: 22/25 MP: 1/1
   745 | D:2      | Reached skill level 5 in Bows
   828 | D:2      | Reached XP level 3. HP: 29/31 MP: 2/2
   835 | D:2      | Found a white marble altar of Elyvilon.
   850 | D:2      | Reached skill level 1 in Armour
   914 | D:2      | Reached skill level 1 in Stealth
  1051 | D:2      | Reached XP level 4. HP: 36/38 MP: 3/3
  1238 | D:2      | Reached skill level 1 in Short Blades
  1390 | D:2      | Found a deep blue altar of Sif Muna.
  1554 | D:3      | Found a shimmering altar of Xom.
  2177 | D:3      | Reached XP level 5. HP: 44/45 MP: 4/4
  2425 | D:4      | Reached skill level 6 in Bows
  2541 | D:4      | Noticed an ogre
  2545 | D:4      | Noticed Alfie's ghost (amateur HuHu)
  2547 | D:4      | Killed an ogre
  2547 | D:4      | Reached XP level 6. HP: 51/51 MP: 5/5
  2564 | D:4      | Killed Alfie's ghost
  2564 | D:4      | Reached skill level 7 in Bows
  2794 | D:4      | Found an iron altar of Okawaru.
  3232 | D:5      | Entered Level 5 of the Dungeon
  3256 | D:5      | Reached XP level 7. HP: 46/57 MP: 6/6
  3603 | D:5      | Reached skill level 1 in Throwing
  4167 | D:5      | Found a burning altar of Makhleb.
  4294 | D:6      | Found an ancient bone altar of Kikubaaqudgha.
  4297 | D:6      | Noticed a human
  4299 | D:6      | Killed a human
  4357 | D:6      | Reached skill level 8 in Bows
  4398 | D:6      | HP: 1/60 [orc priest/divine providence (14)]
  4399 | D:6      | Killed from afar by an orc priest

Skill      XL: |  1  2  3  4  5  6  7 |
---------------+----------------------+-----
Fighting       | 3 4 |  4.5
Bows           | 5 6 7 8 |  8.1
Armour         | 1 2 3 4 |  4.5
Stealth        | 1 |  1.2
Short Blades   | 1 2 |  2.9
Throwing       | 1 |  1.3
Dodging        | |  2.9

Action                   |  1- 3 |  4- 6 |  7- 9 || total
-------------------------+-------+-------+-------++-------
Melee: Short sword       |    65 |   100 |    36 ||   201
       Headbutt          |     9 |    17 |     8 ||    34
 Fire: Shortbow          |    18 |    94 |    54 ||   166
Throw: Tomahawk          |     2 |    14 |     4 ||    20
  Use: Scroll            |     4 |    10 |     1 ||    15
  Eat: Bread ration      |       |     2 |       ||     2
       Royal jelly       |       |       |     1 ||     1
Armor: Leather armour    |    11 |       |       ||    11
       Ring mail         |    16 |    40 |    22 ||    78
Dodge: Dodged            |    56 |    71 |    33 ||   160
